 Dungeon Crawl Stone Soup version 0.28.0-53-g5a82cb258f (webtiles) character file.

Game seed: 10247052217626539278

616 issech the Skirmisher (level 7, -12/61 HPs)
             Began as a Minotaur Monk on June 5, 2022.
             Mangled by Duvessa
             ... wielding a +0 short sword
              (15 damage)
             ... on level 5 of the Dungeon.
             The game lasted 00:07:31 (4537 turns).

issech the Skirmisher (Minotaur Monk)               Turns: 4537, Time: 00:07:32

Health: -12/61     AC:  7    Str: 15    XL:     7   Next: 21%
Magic:  0/6        EV: 11    Int:  7    God:
Gold:   210        SH:  0    Dex: 15    Spells: 6/6 levels left

rFire   . . .      SeeInvis .   g - +2 long sword (vorpal)
rCold   . . .      Faith    .   (no shield)
rNeg    . . .      Spirit   +   y - +0 scale mail
rPois   .          Reflect  .   (helmet restricted)
rElec   .          Harm     .   (no cloak)
rCorr   .          Rampage  .   (no gloves)
Will    .....                   (no boots)
Stlth   +.........              d - amulet of guardian spirit
HPRegen 0.20/turn               (no ring)
MPRegen 0.10/turn               (no ring)

@: no status effects
A: horns 2, retaliatory headbutt
a: no special abilities


You were on level 5 of the Dungeon.
You visited 1 branch of the dungeon, and saw 5 of its levels.

You collected 210 gold pieces.

Inventory:

Hand Weapons
 a - a +0 hand axe
 g - a +2 vorpal long sword (weapon)
 r - a +0 war axe
Missiles
 c - 54 stones
 k - 31 sling bullets
 m - 14 arrows
 p - 2 boomerangs (quivered)
 A - 5 poisoned darts
Armour
 b - a +0 robe
 h - a +0 ring mail
 y - a +0 scale mail (worn)
Magical Staves
 v - a staff of death
Jewellery
 d - an amulet of guardian spirit (around neck)
Scrolls
 e - a scroll of immolation {unknown}
 f - a scroll of enchant weapon {unknown}
 j - a scroll of teleportation {unknown}
 l - a scroll of vulnerability {unknown}
 q - a scroll of brand weapon {unknown}
 s - 2 scrolls of identify {unknown}
 t - a scroll of fog {unknown}
 u - a scroll of noise {unknown}
 w - a scroll of torment {unknown}
Potions
 i - 2 potions of attraction {unknown}
 n - a potion of cancellation {unknown}
 o - a potion of degeneration {unknown}
 x - 3 potions of curing {unknown}
 z - a potion of ambrosia {unknown}
 B - a potion of berserk rage {unknown}
 C - a potion of lignification {unknown}


   Skills:
 + Level 5.3 Fighting
 + Level 4.7 Long Blades
 + Level 4.4 Axes
 + Level 1.3 Throwing
 + Level 4.4 Armour
 + Level 4.4 Dodging
 + Level 2.1 Stealth


You had 6 spell levels left.
You didn't know any spells.
Your spell library contained the following spells:

 Spells                   Type           Power      Damage    Failure   Level
 Static Discharge         Conj/Air       0%         N/A       95%         2
 Sublimation of Blood     Necr           0%         N/A       95%         2
 Dazzling Flash           Conj/Hex       0%         N/A       99%         3
 Iskenderun's Mystic Bla  Conj/Tloc      0%         2d3       100%        4
 Petrify                  Tmut/Erth      0%         N/A       100%        4
 Irradiate                Conj/Tmut      0%         3d13      100%        5
 Iskenderun's Battlesphe  Conj           0%         2d6       100%        5
 Lightning Bolt           Conj/Air       0%         1d11      100%        5
 Iron Shot                Conj/Erth      0%         9d1       100%        6
 Starburst                Conj/Fire      0%         6d3       100%        6
 Spellforged Servitor     Conj/Summ      0%         N/A       100%        7
 Maxwell's Capacitive Co  Air            0%         ∞         100%        8


Dungeon Overview and Level Annotations

Branches:
Dungeon (5/15)
 Temple: D:4-7

Altars:
Qazlal

Annotations:
D:5 Duvessa


Innate Abilities, Weirdness & Mutations

You have a pair of horns on your head.
You reflexively headbutt those who attack you in melee.


Message History

Dowan hits you but does no damage. Duvessa hits you with a +0 short sword.
You hit Dowan.
Dowan is heavily wounded.
Dowan hits you but does no damage. Duvessa hits you with a +0 short sword.
The water moccasin skeleton bites you but does no damage.
Dowan completely misses you. You furiously retaliate!
You headbutt Dowan!
You kill Dowan!
Duvessa weeps, and shakes her weapon.
Duvessa goes berserk!
You hit Duvessa. Your headbutt misses Duvessa.
Duvessa is heavily wounded.
Duvessa barely misses you.
The water moccasin skeleton bites you but does no damage.
Duvessa hits you with a +0 short sword!
You closely miss Duvessa.
Duvessa is heavily wounded.
Duvessa hits you but does no damage.
The water moccasin skeleton barely misses you.
Duvessa hits you with a +0 short sword. The water moccasin skeleton bites you.
You hit Duvessa but do no damage.
Duvessa is heavily wounded.
Duvessa hits you with a +0 short sword! The water moccasin skeleton bites you.
Duvessa hits you with a +0 short sword.
You hit Duvessa. Your headbutt misses Duvessa.
Duvessa is heavily wounded.
The water moccasin skeleton bites you.
* * * LOW HITPOINT WARNING * * *
Duvessa hits you with a +0 short sword!
* * * LOW HITPOINT WARNING * * *
You hit Duvessa. Your headbutt misses Duvessa.
Duvessa is severely wounded.
Duvessa closely misses you. The water moccasin skeleton bites you.
* * * LOW HITPOINT WARNING * * *
Duvessa hits you with a +0 short sword.
* * * LOW HITPOINT WARNING * * *
The water moccasin skeleton barely misses you.
You hit Duvessa but do no damage.
Duvessa is severely wounded.
Duvessa hits you with a +0 short sword!
You die...

##### ....#
###########....
.........#.#.#########
#.....#.#.#.#........
#....<#.#.#.#...####.
.#.#.[.#.#.#.#.#...####.
......e@................
.#....Z).#.#.#..........
##..........#.#........
.............###........
.##..........# .........
.............#.........
#.............#.........
#.###########.#.........
.....P._.


You could see Duvessa (berserk) and a water moccasin skeleton.

Vanquished Creatures
  A water moccasin (D:4)
  A black bear (D:4)
  A necrophage (D:4)
  Dowan (D:5)
  A hound (D:5)
  A jelly (D:4)
  2 orc priests (D:3)
  An orc wizard (D:4)
  4 gnolls
  5 adders
  3 dart slugs
  6 orcs
  3 endoplasms
  7 giant cockroaches
  2 goblins (D:3)
  4 hobgoblins
  3 jackals (D:3)
  2 kobolds
  4 quokkas
  2 ball pythons (D:1)
  6 bats
  2 frilled lizards (D:1)
  2 rats (D:1)
64 creatures vanquished.

Vanquished Creatures (others)
  6 fungi (D:3)
  7 plants (D:3)
13 creatures vanquished.

Grand Total: 77 creatures vanquished

Notes
Turn   | Place    | Note
-------+----------+-------------------------------------------
     0 | D:1      | issech the Minotaur Monk began the quest for the Orb.
     0 | D:1      | Reached XP level 1. HP: 19/19 MP: 0/0
   395 | D:1      | Reached skill level 4 in Fighting
   399 | D:1      | Reached XP level 2. HP: 20/27 MP: 1/1
  1882 | D:3      | Reached XP level 3. HP: 34/34 MP: 2/2
  2208 | D:2      | Reached skill level 1 in Armour
  2216 | D:3      | Reached XP level 4. HP: 40/41 MP: 1/3
  2284 | D:3      | Reached skill level 1 in Long Blades
  2781 | D:3      | Found a faded altar of an unknown god.
  3006 | D:3      | Reached XP level 5. HP: 36/47 MP: 4/4
  3447 | D:4      | Noticed a black bear
  3461 | D:4      | Killed a black bear
  3462 | D:4      | Reached XP level 6. HP: 39/55 MP: 5/5
  3633 | D:4      | Reached skill level 5 in Fighting
  3798 | D:4      | Reached skill level 1 in Throwing
  4115 | D:5      | Entered Level 5 of the Dungeon
  4119 | D:5      | Noticed a water moccasin
  4184 | D:4      | Killed a water moccasin
  4185 | D:4      | Reached XP level 7. HP: 55/61 MP: 4/6
  4495 | D:5      | Found a stormy altar of Qazlal.
  4525 | D:5      | Noticed Duvessa
  4525 | D:5      | Noticed Dowan
  4531 | D:5      | Killed Dowan
  4536 | D:5      | HP: 2/61 [Duvessa/+0 short sword (5)]
  4537 | D:5      | Mangled by Duvessa

Illustrated notes

Levels and vault maps discovered:
D:1:      zelgadis_glass_arrival_small, layout_basic
D:2:      layout_basic
D:3:      layout_loops_ring, shapermc_ecumenical_altar_mp_urbaneastern,
          kennysheep_generic_room_9
D:4:      layout_basic
D:5:      layout_basic, mainiacjoe_overflow_tiny_flanked,
          chequers_serial_rivers_room_a, uniq_duvessa

Skill      XL: |  1  2  3  4  5  6 |
---------------+-------------------+-----
Fighting       | 4 5 |  5.3
Axes           | 4 |  4.4
Armour         | 1 2 3 4 |  4.4
Long Blades    | 2 3 4 |  4.7
Dodging        | 4 |  4.4
Stealth        | 2 |  2.1
Throwing       | 1 |  1.3

Action                   |  1- 3 |  4- 6 |  7- 9 || total
-------------------------+-------+-------+-------++-------
Melee: Hand axe          |    12 |       |       ||    12
       Headbutt          |    10 |    17 |     3 ||    30
       Long sword        |    30 |    78 |    13 ||   121
       Punch             |       |     1 |       ||     1
Throw: Boomerang         |       |     9 |       ||     9
Armor: Robe              |     4 |       |       ||     4
       Ring mail         |    17 |    30 |       ||    47
       Scale mail        |       |     7 |     7 ||    14
Dodge: Dodged            |    45 |    44 |    10 ||    99
